 Dungeon Crawl Stone Soup version 0.28-a0-1167-g616b1c6417 (webtiles) character file.

Game seed: 4244120230499626159

236 ChaosChampion the Conjurer (level 5, -1/28 HPs)
             Began as a Deep Elf Conjurer on Dec 16, 2021.
             Slain by a crimson imp (3 damage)
             ... summoned by Eustachio
             ... on level 3 of the Dungeon.
             The game lasted 00:04:34 (4399 turns).

ChaosChampion the Conjurer (Deep Elf Conjurer)      Turns: 4399, Time: 00:04:34

Health: -1/28      AC:  3    Str: 10    XL:     5   Next: 77%
Magic:  1/15       EV: 12    Int: 25    God:
Gold:   130        SH:  0    Dex: 13    Spells: 5/16 levels left

rFire   . . .      SeeInvis +   (no weapon)
rCold   . . .      Faith    .   (no shield)
rNeg    . . .      Spirit   .   a - +0 robe
rPois   .          Reflect  .   (no helmet)
rElec   .          Harm     .   (no cloak)
rCorr   .          Rampage  .   p - +0 pair of gloves
Will    .....                   (no boots)
Stlth   ++........              (no amulet)
HPRegen 0.09/turn               h - ring of see invisible
MPRegen 0.14/turn               n - +6 ring of strength

@: no status effects
A: no striking features
a: no special abilities


You were on level 3 of the Dungeon.
You visited 1 branch of the dungeon, and saw 4 of its levels.

You collected 130 gold pieces.

Inventory:

Armour
 a - a +0 robe (worn)
 c - a +0 kite shield
 p - a +0 pair of gloves (worn)
Jewellery
 h - a ring of see invisible (left hand)
 n - a +6 ring of strength (right hand)
Scrolls
 j - a scroll of magic mapping {unknown}
 k - a scroll of holy word {unknown}
 l - a scroll of enchant weapon {unknown}
 m - a scroll of amnesia {unknown}
 o - a scroll of vulnerability {unknown}
Potions
 b - 2 potions of degeneration {unknown}
 d - a potion of flight {unknown}
 e - a potion of might {unknown}
 f - a potion of magic {unknown}
 g - 2 potions of brilliance
 i - 2 potions of curing {unknown}


   Skills:
 - Level 2.4 Dodging
 - Level 2.4 Stealth
 + Level 6.1 Spellcasting
 + Level 6.3 Conjurations
 * Level 0.2 Hexes
 * Level 0.1 Translocations


You had 5 spell levels left.
You knew the following spells:

 Your Spells              Type           Power      Damage    Failure   Level
a - Magic Dart            Conj           100%       1d8       1%          1
b - Searing Ray           Conj           78%        2d7       1%          2
c - Fulminant Prism       Conj/Hex       11%        3d9       19%         4
d - Iskenderun's Mystic   Conj/Tloc      23%        2d6       19%         4

Your spell library contained the following spells:

 Spells                   Type           Power      Damage    Failure   Level
 Conjure Flame            Conj/Fire      23%        6-21      6%          3
 Dazzling Flash           Conj/Hex       46%        N/A       6%          3
 Sticky Flame             Conj/Fire      23%        2d4       21%         4
 Ignite Poison            Fire/Tmut/Pois 7%         N/A       22%         3


Dungeon Overview and Level Annotations

Branches:
Dungeon (4/15)
 Temple: D:4-7

Altars:

Annotations:
D:3 Eustachio
D:4 2 transporters, niknal's ghost, novice DDFi


Message History

The bat's corpse disappears in a puff of smoke!
The searing ray hits Eustachio.
Eustachio is almost dead.
Casting: Searing Ray (safe; 1% risk of failure)
Confirm with . or Enter, or press ? or * to list all spells.
Restarting spell: Searing Ray (safe; 1% risk of failure)
Press: ? - help, Shift-Dir - straight line, f/p - Eustachio
Aim: Eustachio, wielding a +0 rapier and wearing a +2 leather armour of fire resistance (blue smoke, almost dead, 73% to hit)
The searing ray hits Eustachio.
Eustachio is almost dead.
The searing ray hits the bat!
You kill the bat!
The bat's corpse disappears in a puff of smoke! (Press . to maintain the ray.) Eustachio hits you but does no damage.
Without enough magic to sustain it, your searing ray dissipates.
Eustachio hits you with a +0 rapier.
There is a stone staircase leading up here.
Eustachio hits you with a +0 rapier.
You climb upwards.
The rat disappears in a puff of smoke! x2
There is a stone staircase leading down here.
Eustachio gestures wildly while chanting.
The crimson imp blinks!
The crimson imp hits you.
You see here a +0 dagger.
Eustachio gestures wildly while chanting.
Eustachio blinks!
Eustachio hits you with a +0 rapier!
* * * LOW HITPOINT WARNING * * *
Casting: Searing Ray (safe; 1% risk of failure)
Confirm with . or Enter, or press ? or * to list all spells.
Aiming: Searing Ray (safe; 1% risk of failure)
Press: ? - help, Shift-Dir - straight line, f - crimson imp
Aim: a crimson imp (summoned, 71% to hit)
The searing ray hits the crimson imp!
The crimson imp is heavily wounded. (Press . to maintain the ray.) Eustachio casts a spell.
Eustachio blinks!
The crimson imp hits you.
You die...

#.#.###### #.#......#
#.######.######### #.#
#.........##.### #.#
#.........##....
#.###.@.......##.#..
########.............##.#.#
#######..........§...............
#........5.§5.)5@.##..#######.#.#
#.#####§#########.##..# #.#.#
..#####.#######.#.##..# #.#.#
.......5........#.....#######.#.#
.######5.........................
...#...5......(..###.............
##.#.............# ##########.###
<.....#.....##...# #.......
.#.#.............# ######.##....


You could see Eustachio, a crimson imp (summoned), a shadow imp (summoned) and
an ufetubus (summoned).

Vanquished Creatures
  An orc priest (D:3)
  An orc wizard (D:3)
  Robin (D:3)
  3 gnolls (D:2)
  6 adders
  A worm (D:2)
  2 dart slugs (D:1)
  3 orcs (D:3)
  3 ball pythons
  4 endoplasms
  3 giant cockroaches
  9 goblins
  9 hobgoblins
  9 jackals
  2 quokkas
  5 bats
  A frilled lizard (D:3)
  10 kobolds
  5 rats
78 creatures vanquished.

Notes
Turn   | Place    | Note
-------+----------+-------------------------------------------
     0 | D:1      | ChaosChampion the Deep Elf Conjurer began the quest for the
                  | Orb.
     0 | D:1      | Reached XP level 1. HP: 10/10 MP: 6/6
   285 | D:1      | Reached XP level 2. HP: 15/15 MP: 2/8
  1164 | D:1      | Found a faded altar of an unknown god.
  1452 | D:2      | Reached skill level 5 in Conjurations
  1458 | D:2      | Reached XP level 3. HP: 19/19 MP: 2/10
  1461 | D:2      | Learned a level 2 spell: Searing Ray
  2158 | D:2      | Reached XP level 4. HP: 23/24 MP: 4/12
  2371 | D:3      | Reached skill level 5 in Spellcasting
  2863 | D:3      | Reached XP level 5. HP: 28/28 MP: 7/14
  2920 | D:3      | Noticed Robin
  2927 | D:3      | Killed Robin
  3712 | D:2      | Learned a level 4 spell: Fulminant Prism
  3717 | D:2      | Learned a level 4 spell: Iskenderun's Mystic Blast
  3977 | D:4      | Found a transporter.
  3980 | D:4      | Noticed niknal's ghost (novice DDFi)
  3981 | D:4      | Found a transporter.
  3991 | D:4      | Noticed Eustachio
  4399 | D:3      | Slain by a crimson imp

Illustrated notes

Levels and vault maps discovered:
D:1:      scummos_arrival_forest, layout_loops_corners,
          dilly_ecumenical_altar_fadedgnrine, minmay_misc_feat_nine_boxes,
          wad_floor_pattern_2, grunt_decor_arrowhead
D:2:      layout_basic
D:3:      layout_basic, uniq_robin
D:4:      layout_basic, gammafunk_ghost_mausoleum, fountainhead, uniq_eustachio

Skill      XL: |  1  2  3  4  5 |
---------------+----------------+-----
Spellcasting   | 4 5 6 |  6.1
Conjurations   | 5 6 |  6.3
Dodging        | |  2.4
Stealth        | |  2.4
Hexes          | |  0.2
Translocations | |  0.1

Action                   |  1- 3 |  4- 6 || total
-------------------------+-------+-------++-------
 Cast: Magic Dart        |    67 |    25 ||    92
       Searing Ray       |     2 |    40 ||    42
Armor: Robe              |       |     6 ||     6
Dodge: Dodged            |    12 |    29 ||    41

Table legend: (Time is in decaauts)
 A = Elapsed time spent in this place.
 B = Non-inter-level travel time spent in this place.
 C = Inter-level travel time spent in this place.
 D = Time resting spent in this place.
 E = Time spent auto-exploring this place.
 F = Levels seen in this place.
 G = Mean time per level.
                   A        B        C        D        E       F      G
               +--------+--------+--------+--------+--------+-----+--------+
         Total |   4400 |   4281 |    119 |    444 |   3336 |   4 | 1100.0 |
       Dungeon |   4400 |   4281 |    119 |    444 |   3336 |   4 | 1100.0 |
               +--------+--------+--------+--------+--------+-----+--------+

Top non-repeatable levels by time:
     D:3: 1591 daAuts
     D:2: 1456 daAuts
     D:1: 1273 daAuts
     D:4: 79 daAuts
